Map: Abyssal Reef LE

Players

Raze - Winner!

  • Race: Terran Terran
  • League: Grandmaster
  • Spawn Location: 5:00

Railgan

  • Race: Zerg Zerg
  • League: Grandmaster
  • Spawn Location: 11:00

VOD

Have the link to the VOD?

Description

Time

  • Played on: Feb. 22, 2017, 4:32 p.m.
  • Length: 11:53
Show
View Real Time Build Order
Export as new Build Order

Raze Terran - Winner!

Build Orders: MMM Bio 

Get SALT Encoding   

  12  0:00  SCV  
  13  0:12  SCV  
  14  0:17  Supply Depot  
  14  0:24  SCV  
  15  0:39  SCV  
  15  0:41  Barracks  
  16  0:51  SCV  
  17  1:03  SCV  
  18  1:05  Refinery  
  18  1:15  SCV  
  19  1:27  Orbital Command  
  19  1:28  Marine  
  20  1:38  Command Center  
  20  1:47  Barracks Reactor  
  20  1:51  Barracks  
  20  1:54  SCV  
  21  2:06  Supply Depot, SCV  
  22  2:08  Refinery  
  22  2:18  SCV  
  23  2:27  Marine x2  
  23  2:28  Factory  
  25  2:40  Barracks Tech Lab  
  25  2:45  Marine x2, SCV  
  27  2:57  SCV  
  28  3:00  Marine  
  28  3:03  Marine x2  
  31  3:11  Stimpack  
  31  3:14  Orbital Command  
  31  3:15  SCV  
  31  3:18  Marine  
  33  3:21  Marine x2  
  33  3:24  Starport  
  35  3:28  Factory Reactor  
  35  3:29  SCV  
  36  3:36  Marine  
  36  3:39  Marine x2  
  36  3:40  SCV  
  40  3:45  SCV  
  40  3:47  Supply Depot  
  41  3:52  SCV  
  41  3:54  Marine  
  43  3:56  Marine x2  
  43  3:57  SCV  
  46  4:09  SCV  
  47  4:11  Marine, Supply Depot, Medivac  
  47  4:12  Medivac  
  47  4:14  Marine  
  47  4:15  Marine  
  54  4:24  Supply Depot  
  54  4:32  Marine x2, SCV x2  
  54  4:33  Marine  
  59  4:44  SCV x2  
  61  4:47  Command Center  
  61  4:53  Marine x2  
  61  4:54  Marine  
  61  4:57  SCV x2  
  66  5:03  Supply Depot  
  66  5:10  SCV  
  66  5:12  Combat Shields  
  66  5:13  SCV  
  61  5:22  SCV  
  61  5:26  Marine x2  
  61  5:27  SCV  
  64  5:34  SCV  
  65  5:37  Medivac  
  65  5:38  Marine  
  65  5:39  SCV  
  67  5:44  Marine  
  67  5:46  SCV  
  69  5:51  SCV  
  69  5:54  Marine  
  69  5:56  Marine  
  69  5:59  Supply Depot, SCV  
  69  6:01  Orbital Command  
  69  6:03  SCV  
  71  6:10  Engineering Bay x2  
  71  6:14  Marine x2  
  71  6:15  SCV x2  
  75  6:20  Marine  
  76  6:32  Marine  
  77  6:37  Orbital Command  
  77  6:41  Marine, SCV x2  
  77  6:45  Terran Infantry Armor Level 1, Terran Infantry Weapons Level 1  
  80  6:50  Refinery x2  
  80  6:51  Marine x2, Factory Reactor  
  80  6:52  Barracks  
  80  6:53  Barracks x2, SCV  
  83  6:58  Marine, SCV  
  85  7:02  SCV  
  85  7:05  Medivac, SCV  
  89  7:09  Marine x2  
  89  7:10  SCV  
  89  7:11  Supply Depot x2  
  89  7:12  Supply Depot  
  89  7:14  SCV  
  93  7:16  Marine  
  94  7:27  Marine x2  
  91  7:32  SCV  
  91  7:33  Widow Mine x2  
  91  7:34  Marine  
  91  7:35  Medivac x2  
  91  7:36  SCV x2  
  103  7:39  Supply Depot x2  
  100  7:44  Marine x2, SCV  
  100  7:46  Barracks Reactor  
  100  7:47  Barracks Reactor  
  100  7:48  Armory  
  98  7:52  Marine  
  98  7:53  Supply Depot  
  98  7:54  Liberator, SCV x2  
  98  7:58  Barracks Reactor  
  101  8:03  Widow Mine x2  
  104  8:06  SCV x2  
  104  8:08  Supply Depot  
  104  8:10  Supply Depot  
  104  8:12  Marine x3  
  112  8:13  SCV  
  113  8:30  Marine x3  
  113  8:32  Marine x4  
  120  8:34  SCV x2  
  120  8:39  Marine x2  
  120  8:40  Barracks  
  120  8:41  Barracks x2  
  124  8:45  Terran Infantry Weapons Level 2, Terran Infantry Armor Level 2  
  124  8:47  Marine, Supply Depot  
  124  8:48  Marine, Marauder  
  128  8:49  Marine  
  128  8:50  Missile Turret, Marine x2  
  128  8:52  Missile Turret  
  128  8:55  Missile Turret, Marine  
  132  8:57  Marine  
  133  9:08  Marine  
  133  9:09  Marine x2  
  134  9:17  Marine x5, Marauder, Concussive Shells  
  134  9:21  Medivac x2  
  134  9:22  Hellbat  
  147  9:26  Marine  
  147  9:27  Marine  
  147  9:29  Barracks Reactor, Barracks Tech Lab  
  147  9:30  Barracks Tech Lab  
  149  9:41  Marine x6, Marauder  
  149  9:44  Command Center  
  157  9:46  Hellbat x2  
  157  9:56  Marine, Marauder  
  160  10:07  Hellbat x2  
  160  10:08  Medivac  
  160  10:09  Medivac, Marine  
  160  10:10  Marauder x2  
  173  10:16  Marine x7, Supply Depot x2  
  173  10:18  Supply Depot  
  180  10:30  Marine  
  181  10:37  Marine x5, Widow Mine x2  
  181  10:38  Marauder x3  
  196  10:59  Marauder  
  192  11:11  Marine x5, Marauder  
  192  11:12  Marine  
  192  11:14  Marine  
  196  11:32  Marine  
Show
View Real Time Build Order
Export as new Build Order

Railgan Zerg 

Build Orders: Pool First 

Get SALT Encoding   

  12  0:01  Drone  
  13  0:14  Overlord  
  13  0:17  Drone  
  14  0:32  Drone x2  
  16  0:36  Drone  
  17  0:47  Spawning Pool  
  16  0:50  Drone  
  17  0:59  Drone  
  18  1:12  Hatchery  
  18  1:14  Extractor  
  17  1:18  Drone  
  17  1:20  Drone  
  18  1:34  Zergling x2, Queen  
  21  1:40  Drone  
  22  1:50  Overlord  
  22  2:09  Drone  
  22  2:10  Queen  
  25  2:18  Drone  
  25  2:21  Metabolic Boost  
  26  2:24  Queen  
  28  2:32  Drone  
  29  2:40  Drone  
  29  2:42  Drone  
  29  2:43  Drone  
  31  2:55  Hatchery  
  30  2:59  Drone  
  30  3:00  Drone  
  30  3:01  Pneumatized Carapace  
  32  3:06  Overlord  
  32  3:07  Drone  
  33  3:13  Drone x3  
  33  3:19  Overlord  
  36  3:28  Drone  
  36  3:29  Baneling Nest  
  36  3:30  Evolution Chamber  
  36  3:32  Drone  
  36  3:34  Drone  
  36  3:35  Drone  
  38  3:44  Zergling x8  
  42  3:49  Zergling x2  
  42  3:50  Zergling x2  
  44  3:56  Drone x2  
  44  3:57  Overlord  
  44  4:02  Zergling x2  
  47  4:03  Drone  
  48  4:10  Queen  
  48  4:14  Drone x2  
  52  4:20  Drone  
  52  4:21  Drone  
  54  4:27  Baneling x4  
  54  4:28  Overlord  
  54  4:32  Queen  
  54  4:33  Queen  
  58  4:41  Zergling x2  
  58  4:42  Zergling x12  
  65  4:52  Zergling x10  
  70  4:53  Zergling x4  
  70  4:56  Queen  
  74  5:00  Overlord  
  74  5:04  Overlord  
  74  5:05  Baneling  
  74  5:06  Baneling x4  
  72  5:17  Drone x2  
  72  5:30  Drone  
  72  5:31  Drone x3  
  72  5:34  Drone  
  72  5:35  Drone  
  73  5:44  Zergling x2  
  73  5:45  Overlord, Zergling x16  
  79  5:55  Drone  
  79  5:56  Lair  
  77  6:04  Drone x2  
  79  6:06  Extractor  
  79  6:08  Extractor, Evolution Chamber  
  79  6:10  Zerg Melee Weapons Level 1, Zergling x6  
  79  6:20  Zergling x6  
  81  6:29  Drone  
  81  6:30  Drone x5  
  87  6:33  Overlord  
  87  6:43  Extractor  
  87  6:44  Overlord  
  87  6:45  Overlord  
  87  6:47  Overlord  
  86  6:48  Zerg Ground Armor Level 1  
  86  6:50  Overlord  
  86  6:53  Drone x3  
  86  6:54  Hatchery  
  88  6:55  Hatchery  
  88  6:56  Zergling x4  
  89  7:06  Drone  
  89  7:07  Drone x3  
  89  7:08  Drone  
  94  7:09  Overlord  
  94  7:12  Roach Warren  
  94  7:13  Extractor x2, Centrifical Hooks  
  91  7:21  Zergling x16  
  93  7:29  Drone x2  
  92  7:32  Hatchery  
  92  7:33  Drone x2  
  92  7:34  Drone x2  
  92  7:36  Spire  
  94  7:43  Drone x3  
  97  7:44  Roach Warren  
  97  7:46  Queen  
  97  7:52  Zergling x2  
  97  7:56  Baneling x3  
  97  7:57  Drone  
  98  8:05  Drone x2  
  98  8:06  Drone x3  
  98  8:10  Overlord  
  98  8:12  Drone x2  
  103  8:13  Zergling x2  
  103  8:14  Zergling x2  
  103  8:19  Zergling x2  
  107  8:20  Zergling x12  
  107  8:22  Baneling x4  
  107  8:24  Glial Reconstitution  
  111  8:32  Roach x5  
  121  8:35  Roach  
  121  8:36  Roach  
  121  8:40  Overlord  
  125  8:41  Drone x2  
  125  8:47  Corruptor x2  
  131  8:52  Zerg Flyer Armor Level 1  
  127  9:07  Evolution Chamber  
  127  9:09  Evolution Chamber  
  115  9:18  Drone x2  
  115  9:19  Drone x4  
  115  9:20  Drone x2  
  123  9:26  Roach  
  123  9:27  Ravager x7  
  123  9:28  Zergling x16  
  140  9:35  Drone x2  
  142  9:40  Roach x2  
  142  9:41  Zergling x10  
  142  9:42  Baneling x3  
  142  9:43  Baneling x3  
  151  9:47  Hatchery  
  149  10:05  Corruptor  
  149  10:06  Corruptor  
  149  10:10  Drone  
  149  10:11  Drone x3  
  149  10:12  Zergling x2  
  154  10:16  Overlord  
  154  10:18  Overlord  
  154  10:21  Zergling x2  
  154  10:22  Infestation Pit, Zergling x6  
  157  10:31  Zergling x2  
  157  10:34  Overlord  
  158  10:36  Baneling x5  
  158  10:42  Zergling x12  
  164  10:45  Baneling x5  
  164  10:56  Baneling x6, Zergling x2  
  166  10:57  Overseer x2, Zergling x2  
  166  11:00  Drone  
  158  11:16  Zergling x16  
  158  11:17  Zergling x4  
Tags
 
Add a new tag
Caveats
  • Supply blocks, unpowered buildings, or Contaminate may cause inaccurate times.
  • Supply counts are checked every 10 seconds.